 Dungeon Crawl Stone Soup version 0.17-a0-1900-g45e8110 (webtiles) character file.

436 horredgrones the Insei (level 7, -1/41 HPs)
             Began as an Octopode Earth Elementalist on Sept 24, 2015.
             Killed from afar by Duvessa (3 damage)
             ... with a wand of magic darts
             ... on level 4 of the Dungeon.
             The game lasted 00:11:38 (4388 turns).

horredgrones the Insei (OpEE)                       Turns: 4388, Time: 00:11:39

Health: -1/41      AC:  3    Str:  8    XL:     7   Next: 1%
Magic:  9/10       EV: 12    Int: 17    God:
Gold:   175        SH:  0    Dex: 14    Spells: 2 memorised, 7 levels left

rFire  . . .     SeeInvis .       - Unarmed
rCold  . . .     Clarity  .     (no shield)
rNeg   . . .     SustAt   .     (helmet restricted)
rPois  .         Gourm    .     (no amulet)
rElec  .         Spirit   .     (no ring)
rCorr  .         Warding  .     (no ring)
rMut   .         Stasis   .     (no ring)
MR     .....                    (no ring)
Stlth  +++.......               (no ring)
                                (no ring)
                                (no ring)
                                (no ring)

@: stone skin, not resistant to hostile enchantments, fairly stealthy
A: almost no armour, amphibious, 8 rings, constrict 8, camouflage 1, gelatinous
body 1
a: no special abilities


You were on level 4 of the Dungeon.
You were hungry.

You visited 2 branches of the dungeon, and saw 5 of its levels.

You collected 175 gold pieces.

Inventory:

Hand weapons
 m - a +2 dagger of venom
Missiles
 a - 101 stones (quivered)
Armour
 f - a +0 buckler
Magical devices
 o - a wand of teleportation (4)
Scrolls
 d - a scroll of identify
 e - 2 scrolls of remove curse
 g - a scroll of enchant armour {unknown}
 h - a scroll of noise {unknown}
 j - a scroll of teleportation {unknown}
 k - a scroll of immolation {unknown}
Potions
 l - a potion of flight
 n - a potion of curing
 p - 2 potions of might {unknown}
Books
 b - a book of Geomancy

   Spells                             Type                      Level
   a - Sandblast                      Earth                        1
   b - Stoneskin                      Transmutation/Earth          2
   c - Passwall                       Transmutation/Earth          3
   d - Stone Arrow                    Conjuration/Earth            3
   e - Petrify                        Transmutation/Earth          4
   f - Lee's Rapid Deconstruction     Earth                        5
Comestibles
 c - 2 bread rations
 i - 3 meat rations
 q - a royal jelly


   Skills:
 - Level 2.0 Dodging
 - Level 2.6 Stealth
 * Level 2.5 Shields
 * Level 4.9 Unarmed Combat
 - Level 2.0 Spellcasting
 - Level 3.7 Transmutations
 - Level 3.0 Earth Magic


You had 7 spell levels left.
You knew the following spells:

 Your Spells              Type           Power        Failure   Level  Hunger
a - Sandblast             Erth           ##....       6%          1    #......
b - Stoneskin             Trmt/Erth      ##......     10%         2    ###....


Dungeon Overview and Level Annotations

Branches:
Dungeon (4/15)             Temple (1/1) D:4

Altars:
Ashenzari
Dithmenos
Elyvilon
Fedhas
Gozag
Kikubaaqudgha
Makhleb
Nemelex Xobeh
Okawaru
Qazlal
Ru
Sif Muna
Trog
Vehumet
Xom
Yredelemnul
Zin
The Shining One

Annotations:
D:4 Dowan, Duvessa


Innate Abilities, Weirdness & Mutations

You cannot wear most types of armour.
You are amphibious.
You can wear up to eight rings at the same time.
You can use your tentacles to constrict eight enemies at once.
Your skin changes colour to match your surroundings (Stealth).
Your rubbery body absorbs attacks (AC +1).


Message History

You tentacle-slap Duvessa but do no damage.
You squeeze Duvessa!
Duvessa is moderately wounded.
You constrict Duvessa, but do no damage.
Duvessa shouts, "You can run, but you cannot escape us forever!"
Duvessa completely misses you.
You tentacle-slap Duvessa. You squeeze Duvessa.
Duvessa is heavily wounded.
You constrict Duvessa.
Duvessa hits you with a short sword of electrocution!
* * * LOW HITPOINT WARNING * * *
Read which item? (? for menu, Esc to quit)
Okay, then.
Drink which item? (? for menu, Esc to quit)
You feel better.
You constrict Duvessa, but do no damage.
Duvessa zaps a wand.
The magic dart hits you!
* * * LOW HITPOINT WARNING * * *
You release your grip on Duvessa.
Duvessa zaps a wand.
The magic dart hits you!
You die...

.#.....#.##.####
...............#
.#######.##.##.# .#
##.##.##.# .#
#........# .#
#..........#
.####.#..##.##.#
...##.#..##..#.######
.#.##.#......#..@.ee#
...##.#.##...######.#
......#.##..## #
.#.#..#.#...
.#.#..#.#.#.
.#.#........
........#.#
.......##.#
.###...##.#


You could see Duvessa and Dowan.

Vanquished Creatures
  Sigmund (D:2)
  A scorpion (D:3)
  2 hounds (D:4)
  A giant frog skeleton (D:4)
  Ijyb (D:2)
  Robin (D:3)
  An adder (D:3)
  3 oozes (D:1)
  3 worms
  A giant gecko (D:2)
  3 orcs (D:4)
  4 giant cockroaches
  9 hobgoblins
  A jackal (D:3)
  7 kobolds
  3 quokkas (D:2)
  5 bats
  10 goblins
  9 rats
66 creatures vanquished.

Notes
Turn   | Place    | Note
--------------------------------------------------------------
     0 | D:1      | horredgrones the Octopode Earth Elementalist began the quest for the Orb.
     0 | D:1      | Reached XP level 1. HP: 11/11 MP: 3/3
   179 | D:1      | Reached skill level 1 in Unarmed Combat
   325 | D:1      | Reached XP level 2. HP: 17/17 MP: 1/5
   329 | D:1      | Learned a level 2 spell: Stoneskin
  1387 | D:1      | Reached XP level 3. HP: 21/21 MP: 6/6
  1674 | D:2      | Found a stormy altar of Qazlal.
  1716 | D:2      | Noticed Ijyb
  1733 | D:2      | Killed Ijyb
  1733 | D:2      | Reached XP level 4. HP: 7/27 MP: 4/7
  2209 | D:2      | Noticed Sigmund
  2219 | D:2      | Killed Sigmund
  2219 | D:2      | Reached skill level 4 in Unarmed Combat
  2219 | D:2      | Reached XP level 5. HP: 19/31 MP: 5/8
  2553 | D:2      | Reached XP level 6. HP: 33/36 MP: 9/9
  2690 | D:3      | Noticed Robin
  3109 | D:3      | Killed Robin
  3249 | D:3      | Reached skill level 1 in Shields
  4188 | D:4      | Found a staircase to the Ecumenical Temple.
  4199 | Temple   | Entered the Ecumenical Temple
  4333 | D:4      | Reached XP level 7. HP: 36/41 MP: 7/10
  4349 | D:4      | Noticed Duvessa
  4383 | D:4      | Noticed Dowan
  4387 | D:4      | HP: 2/41 [Duvessa/wand of magic darts (9)]
  4388 | D:4      | Killed from afar by Duvessa

Vault maps used:
D:1:      nicolae_arrival_somewhat_less_tricky_arrival
D:2:      first_bread, grunt_qazlal_sundering, uniq_sigmund, uniq_iyjb
D:3:      kennysheep_decorative_pillar, feat_on_display, uniq_robin
D:4:      minmay_temple_entry_junction, uniq_pikel, uniq_duvessa,
          uniq_crazy_yiuf_cottage
Temple:   grunt_circular_temple_18

Action                   |  1- 3 |  4- 6 |  7- 9 || total
-------------------------+-------+-------+-------++-------
Melee: Unarmed           |    62 |   127 |     8 ||   197
Throw: Stone             |     8 |     6 |       ||    14
 Cast: Sandblast         |     9 |     1 |       ||    10
       Stoneskin         |     4 |    10 |     1 ||    15
  Use: Scroll            |       |     4 |       ||     4
       Potion            |       |       |     1 ||     1
 Stab: Sleeping          |     6 |     7 |       ||    13
  Eat: Chunk             |     1 |     8 |     1 ||    10
       Beef jerky        |     1 |       |       ||     1
